 Dungeon Crawl Stone Soup version 0.19-a0-1007-g133f65f (webtiles) character file.

34203 Duffy the Cleaver (level 14, 111/111 HPs)
             Began as a Formicid Fighter on July 19, 2016.
             Was the Champion of Cheibriados.
             Quit the game on level 2 of the Lair of Beasts.
             The game lasted 00:17:53 (13201 turns).

Duffy the Cleaver (Formicid Fighter)               Turns: 13201, Time: 00:17:53

Health: 111/111    AC: 25    Str: 41    XL:     14   Next: 12%
Magic:  20/20      EV: 16    Int: 23    God:    Cheibriados [******]
Gold:   1585       SH: 15    Dex: 25    Spells: 0 memorised, 13 levels left

rFire  + . .     SeeInvis +     a - +7 executioner's axe (elec)
rCold  . . .     Gourm    .     R - +2 plate armour {rF+}
rNeg   + . .     Faith    .     c - +0 shield
rPois  .         Spirit   .     (helmet unavailable)
rElec  .         Dismiss  .     W - +2 cloak
rCorr  +         Reflect  .     H - +2 pair of gloves
SustAt .         Harm     .     X - +0 pair of boots of the Blizzard {-Cast rN+ rCorr}
MR     +....     NoCast   +     D - amulet of regeneration
Stlth  ..........               (no ring)
                                K - ring of resist corrosion

@: very slow, somewhat resistant to hostile enchantments, extremely unstealthy
A: permanent stasis, dig shafts and tunnels, four strong arms, antennae 3
a: Dig, Shaft Self, Bend Time, Temporal Distortion, Slouch, Step From Time,
Renounce Religion


You were on level 2 of the Lair of Beasts.
You worshipped Cheibriados.
Cheibriados was exalted by your worship.
You were not hungry.

You visited 2 branches of the dungeon, and saw 15 of its levels.
You also visited: Ossuary and Bailey.

You collected 1882 gold pieces.
You spent 297 gold pieces at shops.


Innate Abilities, Weirdness & Mutations

You are under a permanent stasis effect.
You can dig through walls and to a lower floor.
Your four strong arms can wield two-handed weapons with a shield.
You have a pair of large antennae on your head. (SInv)


   Skills:
 + Level 10.7 Fighting
 + Level 13.5 Axes
 + Level 11.2 Armour
 + Level 7.5 Dodging
 - Level 9.2 Shields
 - Level 9.0 Invocations


You had 13 spell levels left.
You didn't know any spells.

Inventory:

Hand Weapons
 a - a +7 executioner's axe of electrocution (weapon)
 b - a +1 hand axe of flaming
Missiles
 G - 40 poisoned needles
 O - 5 throwing nets (quivered)
Armour
 c - a +0 shield (worn)
 H - a +2 pair of gloves (worn)
 R - a +2 plate armour of fire resistance (worn)
 S - a +0 plate armour of cold resistance
 W - a +2 cloak (worn)
 X - the +0 pair of boots of the Blizzard (worn) {-Cast rN+ rCorr}

   It protects you from negative energy.
   It prevents spellcasting.
   It protects you from acid and corrosion.
Jewellery
 D - an amulet of regeneration (around neck)
 K - a ring of resist corrosion (left hand)
Wands
 j - a wand of acid (8/15)
 l - a wand of iceblast (4/15)
 E - a wand of paralysis (14/24)
 F - a wand of flame (30/48)
 L - a wand of lightning (3/15)
 T - a wand of teleportation (3/9)
 U - a wand of slowing (10/48)
Scrolls
 k - 14 scrolls of remove curse
 o - a scroll of torment {unknown}
 p - 2 scrolls of fog {unknown}
 q - a scroll of magic mapping
 r - 3 scrolls of recharging {unknown}
 t - 4 scrolls of fear {unknown}
 y - 2 scrolls of enchant armour
 A - a scroll of immolation
 V - a scroll of summoning
Potions
 e - 8 potions of curing
 h - 4 potions of heal wounds
 i - a potion of resistance
 n - 3 potions of ambrosia
 s - 3 potions of flight
 w - 3 potions of lignification
 x - a potion of cancellation
 z - 3 potions of agility
 C - 2 potions of might
 P - a potion of magic
Miscellaneous
 v - a box of beasts
Comestibles
 f - 10 bread rations
 m - 8 beef jerkies
 u - 13 meat rations
 B - 3 fruits

Dungeon Overview and Level Annotations

Branches:
Dungeon (13/15)            Temple (0/1) D:5            Lair (2/6) D:11
    Orc (0/2) D:10
  Swamp: Lair:2-4    Shoals: Lair:2-4     Snake: Lair:2-4    Spider: Lair:2-4
 Vaults: D:13-14

Altars:
Cheibriados
Elyvilon
Fedhas
Gozag
Hepliaklqana
Kikubaaqudgha
Pakellas
Vehumet
The Shining One

Shops:
D:6 [   D:9 !   D:11 !


Message History

You block the blink frog's attack.
The blink frog hits you but does no damage. x2
You closely miss the blink frog.
The blink frog is moderately wounded.
The blink frog misses you.
You chop the blink frog into pieces!!!
You kill the blink frog!
Cheibriados appreciates the change of pace.
No target in view!
No target in view!
No target in view!
No target in view!
No target in view!
No target in view!
No target in view!
No target in view!
No target in view!
No target in view!
No target in view!
No target in view!
No target in view!
No target in view!
No target in view!
No target in view!
d - an onyx ring Put on which piece of jewellery? (? for menu, Esc to quit)
You feel clumsy.
Oops, that ring feels deathly cold.
d - a cursed -3 ring of dexterity (right hand)
Found 21 bolts.
Remove which piece of jewellery? (? for menu, Esc to quit)
Okay, then.
As you read the scroll of remove curse, it crumbles to dust.
You feel as if something is helping you.
Drop what? 44/52 slots (_ for help) (? for menu, Esc to quit)
You remove your -3 ring of dexterity.
You feel agile.
You drop a -3 ring of dexterity.
Found 19 arrows.
Found a falchion.
Found 23 stones.
No target in view!
u - 13 meat rations (gained 1)
You sense a monster nearby.
Found a scroll of remove curse.
A rime drake comes into view.
The rime drake hisses angrily.
Found a scroll of identify.
A rime drake is nearby!
Are you sure you want to abandon this character and quit the game? (Confirm with "yes".)

...).............P~.~P~~7........
..................~~.~P~.P.......
..........#####...7.~77....%..#..
(..####.(.# #....#.7.........P..
.(.# ##..# ##...##.#.......%...
...# #..# #P...###............
.... .... #....# #............
....####....# ##...###PP...
..........@.# #..# ####..
...?.......# P.. #..
..#............ #... .
#.....$....... ##..
+............. #...
..k..#P#....... #...
.#...####...... #### #..? ......
. .


You could see a rime drake.

Action                   |  1- 3 |  4- 6 |  7- 9 | 10-12 | 13-15 || total
-------------------------+-------+-------+-------+-------+-------++-------
Melee: War axe           |    88 |   181 |   262 |   506 |       ||  1037
       Battleaxe         |       |       |       |    20 |       ||    20
       Executioner's axe |       |       |       |     3 |   226 ||   229
Invok: Slouch            |       |       |       |     6 |       ||     6
 Abil: Dig               |     3 |     2 |     6 |     2 |     1 ||    14
  Use: Scroll            |       |     6 |     8 |    11 |     7 ||    32
       Potion            |       |       |     4 |     3 |       ||     7
  Eat: Chunk             |     2 |     4 |     2 |     5 |     5 ||    18
       Royal jelly       |       |       |     1 |       |     1 ||     2
       Beef jerky        |       |       |     2 |     2 |       ||     4
Armor: Chain mail        |    37 |    91 |   110 |    42 |       ||   280
       Scale mail        |     1 |       |       |       |       ||     1
       Skin              |       |       |    29 |     9 |       ||    38
       Plate armour      |       |       |       |   199 |    84 ||   283
Dodge: Dodged            |    25 |    58 |    74 |   195 |   114 ||   466
Block: Shield            |    35 |   109 |   223 |   446 |   217 ||  1030

Notes
Turn   | Place    | Note
-------+----------+-------------------------------------------
     0 | D:1      | Duffy the Formicid Fighter began the quest for the Orb.
     0 | D:1      | Reached XP level 1. HP: 18/18 MP: 1/1
   243 | D:1      | Reached XP level 2. HP: 22/24 MP: 2/2
   250 | D:1      | Reached skill level 4 in Shields
   298 | D:2      | Found a snail-covered altar of Cheibriados.
   301 | D:2      | Found an ancient bone altar of Kikubaaqudgha.
   310 | D:2      | Became a worshipper of Cheibriados the Contemplative
   742 | D:1      | Reached XP level 3. HP: 29/29 MP: 3/3
  1156 | D:2      | Reached skill level 3 in Axes
  1243 | D:2      | Reached * piety under Cheibriados
  1243 | D:2      | Reached XP level 4. HP: 25/35 MP: 4/4
  1713 | D:2      | Noticed Ijyb
  1717 | D:2      | Killed Ijyb
  1717 | D:2      | Reached skill level 5 in Shields
  1938 | D:2      | Reached XP level 5. HP: 41/41 MP: 5/5
  2032 | D:3      | Found an opulent altar of Gozag.
  2319 | D:3      | Reached ** piety under Cheibriados
  2354 | D:3      | Found a faded altar of an unknown god.
  2374 | D:3      | Reached skill level 4 in Axes
  2714 | D:3      | Found a white marble altar of Elyvilon.
  2812 | D:3      | Reached XP level 6. HP: 39/47 MP: 6/6
  3188 | D:4      | Reached skill level 6 in Shields
  3285 | D:4      | Reached *** piety under Cheibriados
  3285 | D:4      | Reached skill level 5 in Axes
  3349 | D:4      | Noticed a phantom
  3368 | D:4      | Killed a phantom
  3368 | D:4      | Reached XP level 7. HP: 37/52 MP: 7/7
  3508 | D:4      | Found a blossoming altar of Fedhas.
  3743 | D:4      | Reached skill level 7 in Shields
  4114 | D:5      | Entered Level 5 of the Dungeon
  4229 | D:5      | Found a sand-covered staircase.
  4234 | Ossuary  | Entered an ossuary
  4234 | Ossuary  | Noticed mistymad's ghost (amateur FoAK)
  4248 | Ossuary  | Killed mistymad's ghost
  4248 | Ossuary  | Reached skill level 6 in Axes
  4252 | Ossuary  | Reached XP level 8. HP: 20/58 MP: 8/8
  4481 | Ossuary  | Reached skill level 8 in Shields
  4833 | D:5      | Noticed poirepourri's ghost (novice DECj)
  4854 | D:5      | Killed poirepourri's ghost
  4854 | D:5      | Reached skill level 7 in Axes
  4854 | D:5      | Reached **** piety under Cheibriados
  5118 | D:5      | Reached skill level 9 in Shields
  5291 | D:5      | Found a staircase to the Ecumenical Temple.
  5504 | D:5      | Found a radiant altar of Vehumet.
  5711 | D:5      | Reached XP level 9. HP: 60/65 MP: 9/9
  5975 | D:6      | Reached skill level 4 in Fighting
  5975 | D:6      | Reached skill level 4 in Armour
  6082 | D:6      | Found Talufecei's Antique Armour Shop.
  6090 | D:6      | Bought a pair of embroidered gloves for 99 gold pieces
  6205 | D:6      | Reached skill level 8 in Axes
  6512 | D:6      | Reached ***** piety under Cheibriados
  6613 | D:6      | Bought a pair of boots for 99 gold pieces
  6613 | D:6      | Bought a cloak for 99 gold pieces
  6799 | D:7      | Noticed Joseph
  6801 | D:7      | Reached skill level 5 in Armour
  6802 | D:7      | Reached skill level 5 in Fighting
  6830 | D:7      | Killed Joseph
  7141 | D:8      | Reached skill level 1 in Invocations
  7183 | D:8      | Reached skill level 6 in Armour
  7183 | D:8      | Reached skill level 2 in Invocations
  7194 | D:8      | Reached XP level 10. HP: 51/74 MP: 11/11
  7282 | D:8      | Reached skill level 9 in Axes
  7282 | D:8      | Reached skill level 3 in Invocations
  7443 | D:8      | Found an oddly glowing altar of Pakellas.
  7522 | D:8      | Reached skill level 4 in Invocations
  7523 | D:8      | Found a glowing golden altar of the Shining One.
  7573 | D:8      | Reached skill level 7 in Armour
  7760 | D:8      | Reached skill level 5 in Invocations
  7896 | D:9      | Found a hazy altar of Hepliaklqana.
  7969 | D:9      | Reached ****** piety under Cheibriados
  7974 | D:9      | Reached skill level 6 in Invocations
  8062 | D:9      | Reached skill level 10 in Axes
  8103 | D:9      | Noticed a centaur warrior
  8120 | D:9      | Killed a centaur warrior
  8120 | D:9      | Reached skill level 7 in Invocations
  8120 | D:9      | Reached XP level 11. HP: 67/80 MP: 14/16
  8121 | D:9      | Noticed a hill giant
  8137 | D:9      | Killed a hill giant
  8137 | D:9      | Reached skill level 8 in Invocations
  8215 | D:9      | Reached skill level 11 in Axes
  8335 | D:9      | Reached skill level 9 in Invocations
  8423 | D:9      | Found Fianui Vyler's Distillery.
  8756 | D:9      | Reached skill level 1 in Dodging
  8818 | D:9      | Reached skill level 6 in Fighting
  9001 | D:10     | Entered Level 10 of the Dungeon
  9061 | D:11     | Noticed a hill giant
  9074 | D:11     | Killed a hill giant
  9074 | D:11     | Reached skill level 2 in Dodging
  9323 | D:12     | Found a flagged portal.
  9333 | Bailey   | Entered a bailey
  9539 | Bailey   | Got a pair of shimmering boots
  9550 | Bailey   | Identified the +0 pair of boots of the Blizzard {-Cast rN+ rCorr} (You found it in a bailey)
  9768 | D:12     | Reached skill level 8 in Armour
  9768 | D:12     | Reached skill level 3 in Dodging
  9826 | D:13     | Noticed Azrael
  9832 | D:13     | Reached XP level 12. HP: 26/89 MP: 18/18
  9835 | D:13     | Reached skill level 7 in Fighting
  9837 | D:13     | Killed Azrael
 10004 | D:12     | Reached skill level 4 in Dodging
 10008 | D:12     | Noticed a centaur warrior
 10014 | D:12     | Killed a centaur warrior
 10014 | D:12     | Reached skill level 12 in Axes
 10048 | D:12     | Noticed a flayed ghost
 10062 | D:12     | Killed a flayed ghost
 10095 | D:12     | Reached skill level 8 in Fighting
 10095 | D:12     | Reached skill level 9 in Armour
 10325 | D:12     | Noticed Snorg
 10330 | D:12     | Noticed Rupert
 10337 | D:12     | Killed Snorg
 10337 | D:12     | Reached skill level 5 in Dodging
 10343 | D:12     | Killed Rupert
 10485 | D:12     | Reached XP level 13. HP: 79/100 MP: 19/19
 10643 | D:12     | Reached skill level 9 in Fighting
 10879 | D:12     | Reached skill level 10 in Armour
 11027 | D:11     | Found a staircase to the Lair.
 11164 | D:10     | Reached skill level 6 in Dodging
 11249 | D:10     | Found a staircase to the Orcish Mines.
 11748 | D:11     | Reached skill level 13 in Axes
 11872 | D:11     | Found Urithrod's Distillery.
 12082 | D:11     | Reached skill level 10 in Fighting
 12331 | Lair:1   | Entered Level 1 of the Lair of Beasts
 12504 | Lair:1   | Noticed Harold
 12517 | Lair:1   | Killed Harold
 12517 | Lair:1   | Reached skill level 7 in Dodging
 12558 | Lair:1   | Noticed Grum
 12563 | Lair:1   | Killed Grum
 12951 | Lair:2   | Reached skill level 11 in Armour
 13072 | Lair:2   | Noticed Gastronok
 13086 | Lair:2   | Killed Gastronok
 13086 | Lair:2   | Reached XP level 14. HP: 91/111 MP: 20/20
 13201 | Lair:2   | Quit the game

Skill      XL: |  1  2  3  4  5  6  7  8  9 10 11 12 13 |
---------------+----------------------------------------+-----
Shields        | 4 5 6 7 9 |  9.2
Axes           | 3 4 5 6 7 8 10 11 12 13 | 13.5
Fighting       | 5 6 8 10 | 10.7
Armour         | 6 7 8 9 11 | 11.2
Invocations    | 2 7 9 |  9.0
Dodging        | 3 5 7 |  7.5

Vault maps used:
D:1:      minmay_arrival_open_corners, minmay_pentomino_q2
D:2:      amethyst_overflow_temple_binary, uniq_iyjb
D:3:      elyvilon_altar_5, grunt_gozag_breadcrumbs, ecumenical_altar_2,
          serial_glass, glass_columns_c, glass_columns_a,
          kennysheep_generic_room_6
D:4:      fedhas_altar_3, grunt_ministairs_9
D:5:      fiery_altar_vehumet, first_bread, nicolae_ossuary_entry_ruins,
          serial_undead, serial_undead_f, serial_undead_c, serial_undead_c,
          serial_undead_e, serial_undead_f, serial_undead_e, serial_undead_d,
          grunt_ministairs_11
D:6:      serial_shops, nicolae_shop_statue_plus
D:7:      uniq_joseph
D:8:      lemuel_doored_altar, grunt_ogre_cave, nicolae_tso_carved_into_rock
D:9:      hangedman_cross_cluster, nicolae_overflow_crystal_walls, special_room,
          serial_shops, shop
D:10:     david_orc_1_choice, minmay_misc_feat_iff
D:11:     lair_0_dummy, serial_shops, shop
D:12:     enter_bailey_8, minmay_evil_grid, uniq_snorg, uniq_rupert
D:13:     lightli_vaults_fourway_checkpoint, serial_shops,
          nicolae_shop_statue_plus, uniq_kirke, uniq_azrael, uniq_maurice
Lair:1:   uniq_harold, uniq_grum
Lair:2:   serial_bayou_pond_b, grunt_megastairs_1, uniq_gastronok
Ossuary:  ossuary_minmay_tomb_2a
Bailey:   bailey_polearm_gnolls_kennysheep, bailey

Vanquished Creatures
  Rupert Gastronok Azrael Snorg Harold
  2 centaur warriors
  2 unseen horrors
  A flayed ghost
  5 hill giants
  4 ugly things
  An orc knight
  The ghost of poirepourri the Thaumaturge, a novice DECj
  2 cyclopes Joseph
  A black mamba
  A spiny frog
  A gargoyle
  4 komodo dragons
  A troll (shapeshifter)
  2 trolls
  5 blink frogs
  A vampire
  4 fire elementals
  A wraith
  23 yaks
  A wyvern
  A hungry ghost
  A basilisk (shapeshifter)
  The ghost of mistymad the Skirmisher, an amateur FoAK of Lugonu Grum
  A hippogriff
  A vampire mosquito
  A mottled dragon
  A warg
  3 hell hounds
  2 water moccasins
  2 sky beasts
  3 porcupines
  9 orc warriors
  5 phantoms
  4 ice beasts
  A black bear
  A wasp
  4 ogres
  2 eyes of draining
  6 centaurs
  9 wolves
  4 crocodiles
  A big kobold
  An elf zombie
  10 giant frogs
  10 gnoll sergeants
  A water moccasin zombie
  A wyvern skeleton
  4 scorpions
  20 killer bees
  11 wights
  A howler monkey
  2 centaur zombies
  5 crimson imps
  3 giant frog zombies
  6 jellies
  A quasit
  11 hounds
  A giant frog skeleton
  A human zombie
  4 orc priests
  A centaur skeleton
  6 gnoll shamans
  9 iguanas
  9 worker ants
  12 orc wizards Ijyb
  A killer bee zombie
  4 hound zombies
  3 hound skeletons
  4 mummies
  26 gnolls
  17 river rats
  17 adders
  3 adder skeletons
  An adder zombie
  5 worms
  4 dart slugs
  6 giant geckos
  44 orcs
  4 giant cockroaches
  2 gnoll zombies
  13 goblins
  5 hobgoblins
  4 jackals
  12 kobolds
  4 quokkas
  A ball python
  A ball python zombie
  6 bats
  A giant gecko skeleton
  2 giant gecko zombies
  3 giant newts
  2 goblin zombies
  2 hobgoblin zombies
  2 jackal skeletons
  2 jackal zombies
  A kobold zombie
  A quokka skeleton
  10 rats
  3 fulminant prisms
  2 fungi
482 creatures vanquished.
